 Dungeon Sprint DCSS version 0.29.1-15-g9cfb28693d (webtiles) character file.

Game seed: 18424804066085474646

332 Groucho the Skirmisher (level 6, -1/39 HPs)
             Began as a Deep Elf Hunter on Feb 25, 2023.
             Was a Believer of Cheibriados.
             Slain by a fire elemental (6 damage)
             ... in the Dungeon (Sprint V: "Ziggurat Sprint").
             The game lasted 00:04:29 (334 turns).

Groucho the Skirmisher (Deep Elf Hunter)             Turns: 334, Time: 00:04:29

Health: -1/39      AC: 27    Str: 25    XL:     6   Next: 26%
Magic:  12/14      EV: 11    Int: 19    God:    Cheibriados [**....]
Gold:   0          SH:  0    Dex: 25    Spells: 5/5 levels left

rFire   . . .      SeeInvis .   D - +8 storm bow {elec, penet}
rCold   . . .      Faith    .   (shield currently unavailable)
rNeg    . . .      Spirit   .   B - +15 Maxwell's patent armour {-Cast -Tele rElec Will+ rCorr}
rPois   .          Reflect  .   (no helmet)
rElec   +          Harm     .   (no cloak)
rCorr   +          Rampage  .   (no gloves)
Will    +....      NoTele   +   (no boots)
Stlth   .......... NoCast   +   (no amulet)
HPRegen 0.13/turn               y - +6 ring of strength
MPRegen 0.14/turn               x - +6 ring of strength

@: very slow
A: no striking features
a: Renounce Religion, Bend Time


You were in the Dungeon.
You worshipped Cheibriados.
Cheibriados was pleased with you.
You visited 1 branch

Inventory:

Hand Weapons
 D - the +8 storm bow (weapon) {elec, penet}
   (You found it in the Dungeon)

   Any ammunition fired from it occasionally discharges a powerful burst of
   electricity upon striking a foe.
   Any ammunition fired by it passes through the targets it hits, potentially
   hitting all targets in its path until it reaches maximum range.
 E - the +9 heavy crossbow "Sniper" {vorpal, Acc+∞ SInv}
   (You found it in the Dungeon)

   Any ammunition fired from it inflicts extra damage upon your enemies.
   Any ammunition fired from it never misses its target.
   SInv:      It lets you see invisible.
Armour
 a - +5 gold dragon scales
 c - a +0 leather armour
 B - the +15 Maxwell's patent armour (worn) {-Cast -Tele rElec Will+ rCorr}
   (You found it in the Dungeon)

   rElec:     It insulates you from electricity.
   -Cast:     It prevents spellcasting.
   -Tele:     It prevents most forms of teleportation.
   rCorr:     It protects you from acid and corrosion.
   Will:      It increases your willpower.
 C - the +18 shield of the Gong {rElec rN+ Will+ EV-5}
   (You found it in the Dungeon)

   It is deafeningly noisy when blocking attacks.
   EV:        It affects your evasion (-5).
   rElec:     It insulates you from electricity.
   rN:        It protects you from negative energy.
   Will:      It increases your willpower.
Jewellery
 s - a ring of flight
 t - a +6 ring of dexterity
 u - a +6 ring of dexterity
 v - a +6 ring of intelligence
 w - a +6 ring of intelligence
 x - a +6 ring of strength (right hand)
 y - a +6 ring of strength (left hand)
 F - an amulet of faith
Wands
 z - a wand of mindburst (7)
 A - a wand of light (7)
Scrolls
 b - a scroll of immolation
 i - 4 scrolls of blinking
 o - 4 scrolls of amnesia
 p - 7 scrolls of butterflies
 q - 5 scrolls of identify
 r - 2 scrolls of fear
Potions
 d - 10 potions of curing
 e - 4 potions of heal wounds
 f - 6 potions of haste
 g - 7 potions of magic
 h - 3 potions of berserk rage
 j - 2 potions of brilliance
 k - 2 potions of invisibility
 l - 4 potions of resistance
 m - a potion of experience
 n - 5 potions of might


   Skills:
 + Level 4.6 Fighting
 + Level 8.8 Ranged Weapons
 + Level 4.5 Armour
 + Level 6.8 Dodging
 - Level 1.2 Stealth
 * Level 8.3 Invocations


You had 5 spell levels left.
You didn't know any spells.
Your spell library was empty.

Dungeon Overview and Level Annotations

Branches:
Dungeon (1/1)

Altars:
Ashenzari
Cheibriados
Dithmenos
Elyvilon
Fedhas
Gozag
Hepliaklqana
Kikubaaqudgha
Makhleb
Nemelex Xobeh
Okawaru
Qazlal
Ru
Sif Muna
Trog
Uskayaw
Vehumet
Wu Jian
Xom
Yredelemnul
Zin
The Shining One
Jiyva
Lugonu

Annotations:
D 1 transporter


Message History

The fire elemental burns you! The fire elemental barely misses you.
The fire elemental hits you. The fire elemental burns you!
The fire elemental hits you. The fire elemental burns you!
* * * LOW HITPOINT WARNING * * *
The fire elemental hits you.
Unknown command.
You feel much better. The fire elemental hits you.
The fire elemental misses you. The fire elemental hits you.
The fire elemental burns you! The fire elemental hits you.
The fire elemental burns you!
* * * LOW HITPOINT WARNING * * *
The fire elemental hits you. The fire elemental burns you!
* * * LOW HITPOINT WARNING * * *
Unknown command.
You feel much better. The fire elemental hits you.
The fire elemental burns you! The fire elemental hits you. x2
The fire elemental burns you!
* * * LOW HITPOINT WARNING * * *
Unknown command.
Unknown command.
You feel much better. The fire elemental hits you.
The fire elemental burns you! The fire elemental hits you.
The fire elemental burns you! The fire elemental barely misses you.
Unknown command.
Unknown command.
You feel much better. The fire elemental hits you.
The fire elemental burns you! The fire elemental hits you.
The fire elemental burns you! The fire elemental hits you. x2
The fire elemental burns you! The fire elemental hits you.
The fire elemental burns you!
* * * LOW HITPOINT WARNING * * *
The fire elemental closely misses you.
Unknown command.
You cannot blink because you are wearing the +15 Maxwell's patent armour {-Cast -Tele rElec Will+ rCorr}.
There are monsters nearby!
Unknown command.
Unknown command.
Okay, then.
The fire elemental hits you. The fire elemental burns you!
You die...

▓▓▓▓▓▓▓▓▓▓▓▓▓▓▓▓▓▓▓
▓.8©8.▓.8©8.▓.8©8.▓
▓.|[).▓.|[..▓.....▓
▓..|..▓.....▓.[.).▓
▓.....▓.....▓.....▓
▓.....▓.....▓.....▓
▓.EEE.▓.....▓..©..▓
▓..©@.▓..©..▓▓▓▓▓▓▓
▓▓▓▓▓▓▓▓▓▓▓▓▓


You could see 3 fire elementals.

Vanquished Creatures
  A golden eye (D)
  A hell hound (D)
  A crimson imp (D)
  2 jellies (D)
  A bat skeleton (D)
6 creatures vanquished.

Notes
Turn   | Place    | Note
-------+----------+-------------------------------------------
     0 | D        | Groucho the Deep Elf Hunter began the quest for the Orb.
     0 | D        | Reached XP level 1. HP: 12/12 MP: 3/3
     0 | D        | Found a shimmering blue altar of Sif Muna.
     0 | D        | Found a bloodstained altar of Trog.
     0 | D        | Found a sacrificial altar of Ru.
     0 | D        | Found a stormy altar of Qazlal.
     0 | D        | Found an iron altar of Okawaru.
     1 | D        | Found a sparkling altar of Nemelex Xobeh.
     1 | D        | Found a blossoming altar of Fedhas.
     1 | D        | Found the +6 Majin-Bo {vamp, MP+6 Int+6}
     1 | D        | Found the +9 heavy crossbow "Sniper" {vorpal, Acc+∞ SInv}
     1 | D        | Found the +10 dark maul {vorpal}
     1 | D        | Found the +15 Maxwell's patent armour {-Cast -Tele rElec
                  | Will+ rCorr}
     1 | D        | Found the +18 shield of the Gong {rElec rN+ Will+ EV-5}
     1 | D        | Found the +14 obsidian axe {vorpal, Mesm Drain Fly SInv}
     1 | D        | Found the +7 great mace "Firestarter" {inner flame, rF++}
     1 | D        | Found the +6 shillelagh "Devastator" {shatter}
     1 | D        | Found the +11 plutonium sword {Contam Stlth-}
     1 | D        | Found the +8 lance "Wyrmbane" {slay drac, rPois rF+ rC+
                  | AC+3}
     1 | D        | Found the +9 sword of Zonguldrok {reap}
     1 | D        | Found the +13 scythe of Curses {drain, Drain}
     1 | D        | Found the +5 sword of Power {vorpal}
     1 | D        | Found the +7 mace of Variability {chain chaos}
     1 | D        | Found the +7 Singing Sword {vorpal, sonic wave}
     1 | D        | Found the +8 storm bow {elec, penet}
     3 | D        | Found a transporter.
     3 | D        | Found an ancient bone altar of Kikubaaqudgha.
     3 | D        | Found a viscous altar of Jiyva.
     3 | D        | Found a corrupted altar of Lugonu.
     3 | D        | Found a hazy altar of Hepliaklqana.
     3 | D        | Found a burning altar of Makhleb.
     3 | D        | Found an opulent altar of Gozag.
    49 | D        | Became a worshipper of Cheibriados the Contemplative
    97 | D        | Entered arena 2.
    97 | D        | Noticed a crimson imp
    97 | D        | Found a transporter.
    98 | D        | Killed a crimson imp
    99 | D        | Reached skill level 1 in Armour
    99 | D        | Reached XP level 2. HP: 18/18 MP: 3/6
    99 | D        | Reached XP level 3. HP: 22/22 MP: 3/7
    99 | D        | Reached * piety under Cheibriados
   305 | D        | Entered arena 3.
   305 | D        | Noticed a golden eye
   305 | D        | Found a transporter.
   306 | D        | Killed a golden eye
   307 | D        | Reached skill level 5 in Dodging
   307 | D        | Reached XP level 4. HP: 29/29 MP: 7/10
   307 | D        | Reached XP level 5. HP: 33/33 MP: 7/11
   308 | D        | Reached ** piety under Cheibriados
   322 | D        | Entered arena 4.
   322 | D        | Noticed a fire elemental
   322 | D        | Noticed a fire elemental
   322 | D        | Noticed a fire elemental
   322 | D        | Noticed a hell hound
   322 | D        | Found a transporter.
   326 | D        | Killed a hell hound
   327 | D        | Reached XP level 6. HP: 20/39 MP: 10/14
   334 | D        | Slain by a fire elemental

Illustrated notes

Levels and vault maps discovered:
D:        sprint_v [room_start, room_1, room_2, room_3, room_4, room_5, room_6,
          room_7, room_8, room_9, room_10, room_11, room_12, room_13, room_14,
          room_15, room_16, room_17, room_18, room_19, room_20, room_21,
          room_22, room_23, room_24, room_25, room_26, room_27]

Skill      XL: |  1  2  3  4  5 |
---------------+----------------+-----
Fighting       | 2 3 4 |  4.6
Ranged Weapons | 6 7 8 |  8.8
Armour         | 1 3 4 |  4.5
Dodging        | 3 5 6 |  6.8
Invocations    | 3 6 8 |  8.3
Stealth        | |  1.2

Action                   |  1- 3 |  4- 6 || total
-------------------------+-------+-------++-------
 Fire: Longbow           |     3 |     9 ||    12
  Use: Potion            |       |     6 ||     6
Armor: Plate armour      |     7 |    40 ||    47
Dodge: Dodged            |     1 |    23 ||    24
